[Event "Early-Titled-Tuesday-Blitz-July-09-2024"]
[Site "Chess.com"]
[Date "2024.07.09"]
[Round "1"]
[White "IMGC"]
[Black "BardArtem"]
[Result "1/2-1/2"]
[WhiteElo "2466"]
[BlackElo "2831"]
[TimeControl "180+1"]
[EndTime "8:09:16 PDT"]
[Termination "Game drawn by repetition"]

1. d4 d5 2. e3 Nf6 3. c4 e6 4. Nc3 c5 5. Nf3 Nc6 6. cxd5 exd5 7. Be2 cxd4 8. Nxd4 Bd6 9. O-O O-O 10. b3 Re8 11.
Bb2 a6 12. Rc1 Bc7 13. Nxc6 bxc6 14. Na4 Qd6 15. g3 Bh3 16. Re1 Ne4 17. Qd4 f6 18. Nc5 Rab8 19. Nxe4 Rxe4 20. Qc5 Qxc5 21. Rxc5 Bd7 22.
Bf3 Bd6 23. Rc2 Ree8 24. Rd1 Kf7 25. e4 Re7 26. exd5 c5 27. Kg2 Rbe8 28. Ba3 Rc8 29. Rdc1 Bf5 30. Rc4 Rec7 31. Ra4 Bd3 32. Re1 Re7 33. Rd1 Bb5 34. Re4 Rxe4 35. Bxe4 g6 36. Bd3 Ke7 37. Bc4 Kd7 38. Re1 Rb8 39. Re6 Bxc4 40.
bxc4 f5 41. Bc1 Rb1 42. Bf4 Bxf4 43. gxf4 Rb4 44. Rxa6 Rxc4 45. Rc6 Rxf4 46. Rxc5 h5 47. Ra5 Kd6 48. Ra6+ Kxd5 49. Rxg6 Ra4 50. Rg5 Ke5 51. Rxh5 Rxa2 52. Rh8 Kf6 53. Rf8+ Kg6 54. Rb8 Kg5 55.
Rb5 Kg6 56. Kg3 Ra3+ 57. f3 Ra4 58. Rd5 Rb4 59. Rd8 Ra4 60. Rg8+ Kf6 61. Rh8 Kg6 62.
Rh4 Ra8 63. Rc4 Ra1 64. Kf4 Ra6 65. h3 Kf6 66. Rd4 Rb6 67. Rc4 Ra6 68. Kg3 Kg5 69. h4+ Kf6 70. Kf4 Rb6 71. Ra4 Rc6 72. Kg3 Rb6 73.
h5 Kg5 74. Rh4 Rh6 75. f4+ Kf6 76. Kf3 Ke6 77. Ke3 Kd5 78. Kd3 Kc5 79. Rh3 Kd5 80. Rh4 Kc5 81. Kc3 Kd5 82. Kd3 1/2-1/2

[Event "Early-Titled-Tuesday-Blitz-July-09-2024"]
[Site "Chess.com"]
[Date "2024.07.09"]
[Round "1"]
[White "MatthewG-p4p"]
[Black "KevinGeorgeMicheal"]
[Result "1/2-1/2"]
[WhiteElo "2923"]
[BlackElo "2514"]
[TimeControl "180+1"]
[EndTime "8:09:45 PDT"]
[Termination "Game drawn by 50-move rule"]

1. f4 d5 2. Nf3 Nf6 3. g3 g6 4. Bg2 Bg7 5. O-O O-O 6. d3 c5 7.
Nc3 Nc6 8. e4 dxe4 9. dxe4 Qxd1 10. Rxd1 Bg4 11. e5 Nh5 12. Be3 f6 13. exf6 Bxf6 14.
Bxc5 Rad8 15. Kf2 b6 16. Be3 e5 17. Ne4 exf4 18. Nxf6+ Rxf6 19. Rxd8+ Nxd8 20. gxf4 Nxf4 21. Bxf4 Rxf4 22. Kg3 Bxf3 23. Kxf4 Bxg2 24. Rd1 Ne6+ 25. Ke5 Ng5 26. h4 Nf3+ 27. Kf6 h5 28. Rd8+ Kh7 29.
Rd7+ Kh6 30. Rd8 Kh7 31. Rd7+ Kh6 32. Rxa7 Nxh4 33. Ra6 Nf3 34. Rxb6 h4 35. Rb8 Kh7 36. Rb7+ Kh6 37. Rb8 Kh5 38. Rh8+ Kg4 39. Kxg6 h3 40.
Rxh3 Bxh3 41. Kf6 Kf4 42. c4 Ke4 43. Ke7 Kd4 44. b3 Ne5 45. Kd6 Nd3 46. Kc7 Kc5 47. a4 Kb4 48. Kb6 Nc5 49. a5 Nd7+ 50. Ka6 Bg2 51. Ka7 Kxa5 52. b4+ Kxb4 53. c5 Kxc5 54. Ka6 Bf1+ 55. Kb7 Bb5 56. Kc7 Nb6 57. Kd8 Bc4 58. Ke7 Kd5 59. Kf6 Nd7+ 60. Kf5 Bd3+ 61. Kf4 Nc5 62.
Ke3 Bg6 63. Kf4 Ne6+ 64. Kf3 Ke5 65. Ke3 Be4 66. Kd2 Kd4 67. Ke2 Nf4+ 68. Kd2 Bf5 69. Kc1 Kc3 70. Kd1 Kd3 71. Kc1 Nd5 72. Kb2 Nc3 73. Kb3 Kd4 74. Kb4 Bd7 75. Kb3 Ne4 76. Kc2 Ba4+ 77. Kb2 Kc4 78. Ka3 Bc6 79. Kb2 Nc5 80.
Kc2 Ba4+ 81. Kd2 Kd4 82. Ke2 Ke4 83. Kd2 Ne6 84. Kc3 Ke3 85. Kc4 Bd7 86. Kd5 Bc8 87.
Ke5 Kd3 88. Kd6 Kc4 89. Ke5 Bd7 90. Ke4 Kc5 91. Ke5 Kc6 92. Ke4 Kd6 93. Kd3 Ke5 94. Ke3 Nd4 95. Kd3 Kd5 96. Ke3 Nf5+ 97. Kd3 Be6 98.
Kc3 Ke4 99. Kd2 Kd4 100. Kc2 Ne3+ 101. Kd2 Bg4 102. Kc1 Kc3 103. Kb1 Nc2 1/2-1/2

[Event "Early-Titled-Tuesday-Blitz-July-09-2024"]
[Site "Chess.com"]
[Date "2024.07.09"]
[Round "1"]
[White "ThetNaung291"]
[Black "IlanSchnaider"]
[Result "0-1"]
[WhiteElo "2455"]
[BlackElo "2837"]
[TimeControl "180+1"]
[EndTime "8:09:45 PDT"]
[Termination "IlanSchnaider won by resignation"]

1. d4 Nf6 2. Nf3 e6 3. c4 d5 4. e3 c5 5. Nc3 Nc6 6. dxc5 Bxc5 7. Be2 O-O 8. O-O dxc4 9. Bxc4 Qe7 10. a3 a6 11. b4 Ba7 12. Qe2 b5 13. Bb3 Bb7 14. Bb2 Rac8 15. Rac1 Rfd8 16. Rfd1 h6 17. h3 Bb8 18.
Rxd8+ Rxd8 19. Rd1 Ne5 20. Nxe5 Bxe5 21. Rxd8+ Qxd8 22. Nd1 Qc7 23. Bxe5 Qxe5 24. Qb2 Qg5 25. f4 Qh5 26.
Nf2 Qg6 27. g4 Ne4 28. Bc2 Qf6 29. Qxf6 Nxf6 30. e4 e5 31. fxe5 Nd7 32. e6 fxe6 33. Bb3 Kf7 34. Kf1 Kf6 35. Ke2 e5 36. h4 g5 37. h5 Ke7 38. Ke3 Nf6 39. Bc2 Kd6 40.
Bb1 Bc8 41. Kf3 Be6 42. Bd3 Kc6 43. Be2 Kb6 44. Ke3 a5 45. Bf3 a4 46. Be2 Nd7 47. Nd3 Kc6 48. Bf3 Bc4 49. Nb2 Be6 50. Be2 Nf6 51.
Nd3 Kd6 52. Nf2 Bd7 53. Bf3 Bc6 54. Nd3 Nd7 55. Be2 Nb6 56. Nc5 Nc8 57. Nd3 Ne7 58. Bd1 Ng8 59. Bf3 Bd7 60. Nf2 Nf6 61. Be2 Ne8 62. Nd3 Bc6 63. Nf2 Nc7 64. Nd1 Ne6 65. Nc3 Nd4 66. Bd3 Bd7 67. Be2 Nxe2 68. Kxe2 Bxg4+ 69. Ke3 Bd7 70. Nd5 Be8 71. Nf6 Bf7 72. Ng4 Bxh5 73. Nxh6 Bg6 74. Ng4 Ke6 75. Nf2 Bh5 76.
Nh3 g4 77. Ng1 Kf6 78. Ne2 Kg5 79. Ng3 Bg6 80. Ne2 Kh4 81. Nc3 Kh3 82. Nxb5 g3 83. Nc3 g2 84. Kf2 Kh2 85. Ne2 Bxe4 86. Ng1 Bc6 87.
b5 Bxb5 88. Nf3+ Kh1 0-1

[Event "Early-Titled-Tuesday-Blitz-July-09-2024"]
[Site "Chess.com"]
[Date "2024.07.09"]
[Round "1"]
[White "amanjazu"]
[Black "AlainBruxelles"]
[Result "1/2-1/2"]
[WhiteElo "2597"]
[BlackElo "2265"]
[TimeControl "180+1"]
[EndTime "8:09:46 PDT"]
[Termination "Game drawn - insufficient material"]

1. g3 c6 2. Bg2 d5 3. f4 Nd7 4. Nf3 Qc7 5. O-O e6 6. d3 Ngf6 7. Nc3 Bc5+ 8. Kh1 O-O 9. e4 a5 10. e5 Ne8 11. d4 Be7 12. Ne2 c5 13. c3 b5 14. Be3 Ba6 15. g4 b4 16. Rf2 bxc3 17.
bxc3 Rb8 18. Ng3 f6 19. f5 fxe5 20. fxe6 e4 21. exd7 exf3 22. Rxf3 Qxd7 23. Rxf8+ Bxf8 24. dxc5 Bc4 25. Qd4 Nc7 26. Rd1 Rd8 27. Qe5 Bxa2 28. Nf5 Bb3 29. Rb1 a4 30. Nd4 Bc4 31. c6 Qd6 32.
Qf5 a3 33. Bf1 a2 34. Ra1 Ra8 35. Bf4 Qe7 36. Bxc4 dxc4 37. Bxc7 Qxc7 38. Kg2 Qb6 39. Qd5+ Kh8 40. Nc2 Qb2 41. Qd2 Bc5 42. c7 Qb7+ 43.
Kh3 Qxc7 44. Nd4 Rd8 45. Rxa2 Bxd4 46. cxd4 c3 47. Qe2 Qd7 48. Qe3 h6 49. Qxc3 Qxd4 50. Qxd4 Rxd4 51. Ra8+ Kh7 52. Ra7 Rd5 53. Kh4 Rd4 54. h3 Rd5 55. Ra6 Rc5 56. Kg3 Rd5 57. Ra3 Rc5 58. Kf4 Rd5 59. h4 Rb5 60. Ra7 Rb4+ 61.
Kg3 Rb3+ 62. Kf2 Rb2+ 63. Ke3 Rb3+ 64. Kf4 Rb4+ 65. Kf5 Rb5+ 66. Ke6 Rb6+ 67. Kf7 Rf6+ 68. Ke7 Rf4 69. g5 hxg5 70. hxg5 Kg6 71. Ra5 Rf5 72.
Ra1 Kxg5 73. Rg1+ Kh6 74. Ke6 Rg5 75. Rh1+ Kg6 76. Rh2 Rg3 77. Ke5 Kg5 78. Ke4 g6 79. Rf2 Kg4 80. Rh2 g5 81. Rh1 Rg2 82. Ke3 Kg3 83. Rh5 g4 84. Rh1 Ra2 85. Rg1+ Kh3 86. Kf4 Ra4+ 87. Ke3 g3 88. Kf3 Ra3+ 89. Kf4 g2 90.
Ra1 Kh2 91. Rxa3 g1=Q 92. Rf3 Qg6 93. Ke3 Kg2 94. Rf4 Qe6+ 95. Re4 Qb6+ 96. Kf4 Kh3 97. Re5 Qd6 98. Kf5 Kh4 99. Re6 Qxe6+ 100. Kxe6 1/2-1/2

[Event "Early-Titled-Tuesday-Blitz-July-09-2024"]
[Site "Chess.com"]
[Date "2024.07.09"]
[Round "1"]
[White "Mysterio47"]
[Black "gmpeter008"]
[Result "0-1"]
[WhiteElo "2757"]
[BlackElo "2441"]
[TimeControl "180+1"]
[EndTime "8:09:49 PDT"]
[Termination "gmpeter008 won by checkmate"]

1. e4 e5 2. Nf3 Nc6 3. Bb5 a6 4. Ba4 Nf6 5. O-O d6 6. Re1 Bd7 7. c3 g6 8. d4 Bg7 9. h3 O-O 10. Bc2 h6 11. Be3 Kh7 12. Nbd2 b5 13. a4 exd4 14.
cxd4 Nb4 15. a5 Qe7 16. Bb1 c5 17. d5 Bc8 18. Nb3 Nd7 19. Qd2 Ne5 20. Nxe5 Qxe5 21. Re2 Re8 22. f4 Qh5 23. e5 Nxd5 24. Be4 Nxe3 25. Rxe3 Rb8 26. Qxd6 Be6 27. Qxc5 Rbc8 28. Qb4 Rc4 29. Qe1 Bf8 30. Nd2 Bc5 31. Nxc4 bxc4 32. Kh2 Bxe3 33. Qxe3 Rb8 34. Rb1 c3 35. bxc3 Rxb1 36.
Bxb1 Qd1 37. Bd3 Qa1 38. Bxa6 Qxa5 39. Bb7 Qa2 40. Bf3 Qc2 41. Qd4 Qc1 42. h4 Qe1 43. g3 Qf1 44. Bg2 Qe2 45. Qe4 Qd2 46.
Qd4 Qe2 47. Qe4 Qd2 48. c4 Qc3 49. Qf3 Qxc4 50. Qf2 h5 51. Qe3 Qc2 52. Qf3 Qb2 53. Kg1 Kg7 54. Qf2 Qc1+ 55. Qf1 Qc3 56. Kh2 Qb2 57.
Qg1 Bd5 58. Kh1 Bxg2+ 59. Qxg2 Qb1+ 60. Kh2 Qf5 61. Qf2 Qg4 62. Kg2 Qf5 63. Qf3 Qc2+ 64. Kh3 Qf5+ 65. Kg2 Qc2+ 66. Qf2 Qe4+ 67. Kg1 Qb1+ 68.
Kh2 Qd1 69. Qe3 Qg4 70. Kg2 Qd1 71. Kf2 Qc2+ 72. Qe2 Qc5+ 73. Kf3 Qd5+ 74. Qe4 Qb3+ 75. Qe3 Qb7+ 76. Ke2 Qb2+ 77. Qd2 Qb5+ 78. Qd3 Qb2+ 79.
Kf3 Qb7+ 80. Ke3 Qb6+ 81. Kd2 Qb2+ 82. Kd1 Qa1+ 83. Ke2 Qb2+ 84. Qd2 Qb5+ 85. Kf2 Qb6+ 86. Kg2 Qc6+ 87. Kh2 Qe6 88. Qf2 Qc4 89. Qg2 Qe6 90.
Qh3 Qa2+ 91. Qg2 Qe6 92. Qd2 Qc4 93. Kg2 Qc6+ 94. Kf2 Qc5+ 95. Ke2 Qc4+ 96. Qd3 Qa2+ 97. Ke3 Qa7+ 98. Ke4 Qa4+ 99. Kd5 Qa2+ 100. Kc5 Qa5+ 101. Kd6 Qb4+ 102. Kd7 Qa4+ 103. Ke7 Qb4+ 104. Qd6 Qb7+ 105. Qd7 Qb4+ 106. Ke8 Qf8# 0-1

[Event "Early-Titled-Tuesday-Blitz-July-09-2024"]
[Site "Chess.com"]
[Date "2024.07.09"]
[Round "2"]
[White "snowlord"]
[Black "Road2GM3000"]
[Result "1-0"]
[WhiteElo "2912"]
[BlackElo "2417"]
[TimeControl "180+1"]
[EndTime "8:11:57 PDT"]
[Termination "snowlord won by resignation"]

1. e4 c5 2. Nf3 d6 3. c3 Nf6 4. Qc2 Nc6 5. d4 cxd4 6. cxd4 Bg4 7. d5 Ne5 8. Nxe5 dxe5 9. Nc3 g6 10. f3 Bd7 11.
Be3 Bg7 12. Qb3 b6 13. Bb5 O-O 14. O-O Bxb5 15. Qxb5 Nd7 16. Rac1 Rc8 17. Qa6 Rc7 18. Nb5 Rxc1 19. Rxc1 f5 20. Qxa7 fxe4 21. fxe4 Qe8 22. Nc7 Qf7 23. Ne6 Nc5 24. Bxc5 bxc5 25. Nxf8 1-0

[Event "Early-Titled-Tuesday-Blitz-July-09-2024"]
[Site "Chess.com"]
[Date "2024.07.09"]
[Round "2"]
[White "Magionator"]
[Black "KVAIDAN"]
[Result "0-1"]
[WhiteElo "2501"]
[BlackElo "2326"]
[TimeControl "180+1"]
[EndTime "8:12:17 PDT"]
[Termination "KVAIDAN won by resignation"]

1. e4 e5 2. Nf3 d5 3. exd5 e4 4. Qe2 Nf6 5. Nc3 Be7 6. Nxe4 Nxd5 7. d4 O-O 8. Be3 Re8 9. O-O-O f5 10. Nc5 f4 11. Bd2 Bxc5 12. Qc4 Bf8 13. h4 Be6 14. Ng5 Nb6 15. Nxe6 Nxc4 16. Bxc4 Rxe6 17. Bxe6+ Kh8 18. Bxf4 Qf6 0-1

[Event "Early-Titled-Tuesday-Blitz-July-09-2024"]
[Site "Chess.com"]
[Date "2024.07.09"]
[Round "2"]
[White "GM-2023"]
[Black "Cheer_Down"]
[Result "0-1"]
[WhiteElo "1810"]
[BlackElo "2423"]
[TimeControl "180+1"]
[EndTime "8:12:33 PDT"]
[Termination "Cheer_Down won by checkmate"]

1. e4 e6 2. d4 d5 3. e5 c5 4. dxc5 Nc6 5. Nc3 Bxc5 6. Nf3 a6 7. Be3 Bxe3 8. fxe3 Nge7 9. Ne2 Ng6 10. Qd2 Ngxe5 11. Nxe5 Nxe5 12. O-O-O O-O 13. e4 Nc4 14. Qd3 Qf6 15.
exd5 Qxb2# 0-1

[Event "Early-Titled-Tuesday-Blitz-July-09-2024"]
[Site "Chess.com"]
[Date "2024.07.09"]
[Round "2"]
[White "NM_Antelacus"]
[Black "WindWhistler11"]
[Result "1-0"]
[WhiteElo "2292"]
[BlackElo "2481"]
[TimeControl "180+1"]
[EndTime "8:12:34 PDT"]
[Termination "NM_Antelacus won by checkmate"]

1. e4 Nc6 2. d4 Nf6 3. Nc3 Nxd4 4. Qxd4 e5 5. Qxe5+ Qe7 6. Qxe7+ Bxe7 7. Nf3 Nxe4 8.
Nxe4 d5 9. Nc3 d4 10. Nxd4 Bc5 11. Be3 Bxd4 12. Bxd4 Bf5 13. O-O-O Kf8 14. Bd3 Bxd3 15.
Rxd3 g5 16. Bxh8 Kg8 17. Bf6 Re8 18. Re3 Rxe3 19. fxe3 c6 20. Rd1 b6 21. Rd8# 1-0

[Event "Early-Titled-Tuesday-Blitz-July-09-2024"]
[Site "Chess.com"]
[Date "2024.07.09"]
[Round "2"]
[White "Crazy_girl99"]
[Black "Matols"]
[Result "1-0"]
[WhiteElo "2631"]
[BlackElo "2351"]
[TimeControl "180+1"]
[EndTime "8:12:43 PDT"]
[Termination "Crazy_girl99 won by resignation"]

1. Nf3 d5 2. g3 Nf6 3. Bg2 e6 4. O-O Be7 5. d3 O-O 6. Nbd2 c5 7. e4 Nc6 8. Re1 b5 9. e5 Nd7 10. Nf1 a5 11. Bf4 b4 12. h4 a4 13. h5 a3 14. b3 f5 15. exf6 Bxf6 16. Rxe6 Bxa1 17. Qxa1 Bb7 18. h6 Rf7 19. Ng5 Re7 20. Rxe7 Qxe7 21. Bxd5+ Kf8 22. hxg7+ 1-0

[Event "Early-Titled-Tuesday-Blitz-July-09-2024"]
[Site "Chess.com"]
[Date "2024.07.09"]
[Round "2"]
[White "lindsay790"]
[Black "Kimkibo"]
[Result "0-1"]
[WhiteElo "2136"]
[BlackElo "2448"]
[TimeControl "180+1"]
[EndTime "8:12:51 PDT"]
[Termination "Kimkibo won by resignation"]

1. e4 e6 2. d4 d5 3. Nc3 Bb4 4.
a3 Bxc3+ 5. bxc3 dxe4 6. Qg4 Nf6 7. Qxg7 Rg8 8. Qh6 Nbd7 9. Ne2 b6 10. h3 Bb7 11. Bd2 Qe7 12. Nf4 O-O-O 13. Be2 e5 14. dxe5 Nxe5 15. O-O Rxd2 0-1

[Event "Early-Titled-Tuesday-Blitz-July-09-2024"]
[Site "Chess.com"]
[Date "2024.07.09"]
[Round "2"]
[White "Individoom"]
[Black "BaylavChess"]
[Result "1-0"]
[WhiteElo "2732"]
[BlackElo "2423"]
[TimeControl "180+1"]
[EndTime "8:12:55 PDT"]
[Termination "Individoom won by resignation"]

1. d4 Nf6 2. Bg5 Ne4 3. h4 c5 4. d5 Qb6 5. Nd2 Nxg5 6. hxg5 g6 7. Rb1 h5 8. e4 Bg7 9. Be2 Qa5 10. c3 Qxa2 11. Nc4 Qa6 12. Ra1 Qxa1 13. Qxa1 d6 14. Nb6 1-0

[Event "Early-Titled-Tuesday-Blitz-July-09-2024"]
[Site "Chess.com"]
[Date "2024.07.09"]
[Round "2"]
[White "el_sporco"]
[Black "Ratkovic_Miloje"]
[Result "0-1"]
[WhiteElo "2555"]
[BlackElo "2792"]
[TimeControl "180+1"]
[EndTime "8:13:00 PDT"]
[Termination "Ratkovic_Miloje won by checkmate"]

1. e4 a6 2. d4 e6 3. Nc3 d5 4.
e5 c5 5. f4 cxd4 6. Nce2 Nc6 7. Nxd4 Nxd4 8. Qxd4 Ne7 9. Nf3 Nf5 10. Qd1 Bc5 11. Bd3 O-O 12. Bxf5 exf5 13. Qd3 Bd7 14. Be3 Bb5 15. Qd2 d4 16. Nxd4 Bxd4 17. Qxd4 Qh4+ 18. Bf2 Qg4 19. h3 Qe2# 0-1

[Event "Early-Titled-Tuesday-Blitz-July-09-2024"]
[Site "Chess.com"]
[Date "2024.07.09"]
[Round "2"]
[White "LunaTheTuna2013"]
[Black "FabianoCaruana"]
[Result "0-1"]
[WhiteElo "1995"]
[BlackElo "3182"]
[TimeControl "180+1"]
[EndTime "8:13:03 PDT"]
[Termination "FabianoCaruana won by checkmate"]

1. d4 Nc6 2. c4 e6 3. Nc3 Bb4 4. e3 Nf6 5. Nf3 d6 6. Bd3 O-O 7. O-O Bxc3 8. bxc3 e5 9. e4 h6 10. Be3 Re8 11. Qc2 Bg4 12. Nd2 b6 13. f3 Bd7 14.
c5 dxc5 15. dxc5 Qe7 16. cxb6 axb6 17. c4 Nb4 18. Qc3 Nxa2 19. Qb3 Ra3 20. Qb2 Rxd3 21. Rxa2 Rxe3 22. Rfa1 Qc5 23. Kh1 Re2 24. Qc3 Qf2 25.
Rg1 Bh3 26. gxh3 Qxh2# 0-1

[Event "Early-Titled-Tuesday-Blitz-July-09-2024"]
[Site "Chess.com"]
[Date "2024.07.09"]
[Round "2"]
[White "Brown_Mamba24"]
[Black "JunjiCol"]
[Result "0-1"]
[WhiteElo "2517"]
[BlackElo "2346"]
[TimeControl "180+1"]
[EndTime "8:13:03 PDT"]
[Termination "JunjiCol won by resignation"]

1. d4 Nf6 2. c4 g6 3. Nc3 d5 4. cxd5 Nxd5 5. Bd2 c5 6. dxc5 Bg7 7. b4 Nxc3 8. Qb3 Ne4 9. Rd1 Be6 10. Qc2 Nxd2 11.
Rxd2 Qc7 12. Qa4+ Nc6 13. b5 Bc3 14. bxc6 Rd8 15. Nf3 O-O 16. e3 Rxd2 17. Nxd2 Rd8 18. Bc4 Bxd2+ 19. Ke2 Qxc6 20. Bb5 Qxg2 0-1

[Event "Early-Titled-Tuesday-Blitz-July-09-2024"]
[Site "Chess.com"]
[Date "2024.07.09"]
[Round "2"]
[White "IMVadim"]
[Black "MikeWizard"]
[Result "1-0"]
[WhiteElo "2431"]
[BlackElo "2074"]
[TimeControl "180+1"]
[EndTime "8:13:12 PDT"]
[Termination "IMVadim won by resignation"]

1. e4 d6 2. d4 Nf6 3. Nc3 Nbd7 4. Nf3 e5 5. Bc4 c6 6. a4 Be7 7. O-O h6 8. Re1 Nf8 9. a5 Qc7 10. b4 g5 11. b5 Be6 12. Bxe6 Nxe6 13. a6 g4 14. dxe5 gxf3 15. exf6 Bxf6 16. Qxf3 Ke7 17. axb7 Qxb7 18. bxc6 Qxc6 19. Nd5+ 1-0

[Event "Early-Titled-Tuesday-Blitz-July-09-2024"]
[Site "Chess.com"]
[Date "2024.07.09"]
[Round "2"]
[White "Puzzlebot_1294"]
[Black "ljuks68"]
[Result "1-0"]
[WhiteElo "2675"]
[BlackElo "2403"]
[TimeControl "180+1"]
[EndTime "8:13:26 PDT"]
[Termination "Puzzlebot_1294 won by resignation"]

1. d4 d5 2. Bf4 Nf6 3. e3 c5 4. dxc5 Nc6 5. Bb5 Qa5+ 6. Nc3 Ne4 7. Qxd5 Nxc3 8. Bxc6+ bxc6 9. Qxc6+ Kd8 10. Qxa8 Ne4+ 11. c3 Nxc3 12. Qb8 e5 13. b4 1-0

[Event "Early-Titled-Tuesday-Blitz-July-09-2024"]
[Site "Chess.com"]
[Date "2024.07.09"]
[Round "2"]
[White "Jakhongir-Vakhidov"]
[Black "Orest_Vovk"]
[Result "1/2-1/2"]
[WhiteElo "3013"]
[BlackElo "2539"]
[TimeControl "180+1"]
[EndTime "8:13:32 PDT"]
[Termination "Game drawn by repetition"]

1. c4 g5 2. Nc3 h6 3. d4 Bg7 4. h4 c5 5. d5 Bxc3+ 6. bxc3 Qa5 7. hxg5 hxg5 8. Rxh8 Qxc3+ 9. Qd2 Qxh8 10. Qxg5 Qc3+ 11.
Kd1 Qd4+ 12. Ke1 Qc3+ 13. Kd1 Qd4+ 14. Ke1 Qc3+ 15. Kd1 1/2-1/2

[Event "Early-Titled-Tuesday-Blitz-July-09-2024"]
[Site "Chess.com"]
[Date "2024.07.09"]
[Round "2"]
[White "Fore_Man"]
[Black "Happy1712Drummer"]
[Result "0-1"]
[WhiteElo "2221"]
[BlackElo "2472"]
[TimeControl "180+1"]
[EndTime "8:13:34 PDT"]
[Termination "Happy1712Drummer won by resignation"]

1. c4 c5 2. Nf3 Nc6 3. d4 cxd4 4. Nxd4 g6 5. Nc3 Bg7 6. Nxc6 bxc6 7. g3 Nf6 8. Bg2 O-O 9. O-O Rb8 10. Qc2 Qc7 11.
b3 d6 12. Bb2 Bf5 13. Qd2 Rfd8 14. Rac1 Nd7 15. Rfd1 Nc5 16. b4 Rxb4 17. Nd5 Rxb2 18. Nxc7 Rxd2 19. Rxd2 Rc8 0-1

[Event "Early-Titled-Tuesday-Blitz-July-09-2024"]
[Site "Chess.com"]
[Date "2024.07.09"]
[Round "2"]
[White "Lector118"]
[Black "Javokhir_Sindarov05"]
[Result "0-1"]
[WhiteElo "2672"]
[BlackElo "3087"]
[TimeControl "180+1"]
[EndTime "8:13:39 PDT"]
[Termination "Javokhir_Sindarov05 won by resignation"]

1. d4 Nf6 2. Bf4 g6 3. Nc3 c5 4. d5 Bg7 5. e4 d6 6. h3 O-O 7. a4 Qb6 8. Qd2 Qxb2 9. Rb1 Nxe4 10. Rxb2 Bxc3 11. Qxc3 Nxc3 12. Bc4 Nxa4 13. Rb3 Nb6 14. Rc3 Nxc4 15. Rxc4 Bf5 16. Nf3 Nd7 17. Bh6 Rfe8 18. Rh4 Bxc2 19. Kd2 Bb3 20. Re1 Bxd5 21. Bg5 f6 22. Be3 Bxf3 23. gxf3 b5 0-1

[Event "Early-Titled-Tuesday-Blitz-July-09-2024"]
[Site "Chess.com"]
[Date "2024.07.09"]
[Round "2"]
[White "edgarhay012"]
[Black "Sasha_Solovev_777"]
[Result "1-0"]
[WhiteElo "2705"]
[BlackElo "2291"]
[TimeControl "180+1"]
[EndTime "8:13:45 PDT"]
[Termination "edgarhay012 won by resignation"]

1. e4 c5 2. Nc3 d6 3. d4 cxd4 4. Qxd4 Nc6 5. Qd2 g6 6. b3 Bh6 7. f4 e5 8. Nb5 Bxf4 9. Qxd6 Qxd6 10. Nxd6+ Kf8 11. Ba3 Kg7 12. Ne8+ Kh6 13. Bf8+ Kh5 14.
Bg7 Bg4 15. Nd6 Nd4 16. Bd3 f5 17. h3 fxe4 18. hxg4+ 1-0

[Event "Early-Titled-Tuesday-Blitz-July-09-2024"]
[Site "Chess.com"]
[Date "2024.07.09"]
[Round "2"]
[White "Lupul_Cenusiu"]
[Black "UK_23"]
[Result "0-1"]
[WhiteElo "2705"]
[BlackElo "2422"]
[TimeControl "180+1"]
[EndTime "8:13:47 PDT"]
[Termination "UK_23 won by resignation"]

1. e4 c6 2. d4 d5 3. exd5 cxd5 4. Bd3 Nf6 5. c3 Qc7 6. Ne2 Nc6 7. O-O Bg4 8. f3 Bh5 9. Bf4 Qb6 10. Na3 a6 11.
Nc2 e5 12. Be3 e4 13. fxe4 dxe4 14. Bc4 Na5 15. d5 Bc5 0-1

[Event "Early-Titled-Tuesday-Blitz-July-09-2024"]
[Site "Chess.com"]
[Date "2024.07.09"]
[Round "2"]
[White "koncheto"]
[Black "dropstoneDP"]
[Result "0-1"]
[WhiteElo "2666"]
[BlackElo "3032"]
[TimeControl "180+1"]
[EndTime "8:13:50 PDT"]
[Termination "dropstoneDP won by resignation"]

1. e4 e5 2. Nf3 Nf6 3. Nxe5 d6 4. Nf3 Nxe4 5. d4 d5 6. Bd3 Bf5 7. O-O Be7 8. c4 dxc4 9. Bxc4 O-O 10. Nc3 Nc6 11.
Re1 Nd6 12. Bd3 Bxd3 13. Qxd3 Re8 14. Bf4 Bf6 15. Nd5 Re6 16. Rxe6 fxe6 17. Nxf6+ Qxf6 18. Bg5 Qf5 19. Qb3 Qd5 20. Qe3 Nf5 21. Qe2 Ncxd4 22. Nxd4 Nxd4 23. Qd3 Rf8 24. Qd2 c5 25. Re1 b6 26.
Bf4 Rxf4 0-1

[Event "Early-Titled-Tuesday-Blitz-July-09-2024"]
[Site "Chess.com"]
[Date "2024.07.09"]
[Round "2"]
[White "2346PL"]
[Black "Veleamater"]
[Result "0-1"]
[WhiteElo "2687"]
[BlackElo "2412"]
[TimeControl "180+1"]
[EndTime "8:13:50 PDT"]
[Termination "Veleamater won by resignation"]

1. d4 d6 2. e4 g6 3. Nc3 Bg7 4. Bg5 Nf6 5. e5 Nfd7 6. f4 dxe5 7. dxe5 h6 8. Bh4 O-O 9. Nf3 c6 10.
e6 fxe6 11. Bc4 Nb6 12. Bd3 Nd5 13. Nxd5 exd5 14. Bxg6 Rxf4 15. Bg3 Rg4 16. Bh5 Re4+ 17. Kf1 Bg4 18. Bxg4 Rxg4 19. c3 Nd7 20. Nd4 e5 21.
Qxg4 exd4 22. cxd4 Nf6 23. Qg6 Qb6 24. Be5 Rf8 25. b3 Ng4+ 26. Ke2 Qb5+ 27. Ke1 Qb4+ 28. Kd1 Nxe5 29. dxe5 Qd4+ 0-1

[Event "Early-Titled-Tuesday-Blitz-July-09-2024"]
[Site "Chess.com"]
[Date "2024.07.09"]
[Round "2"]
[White "kleinebeer98"]
[Black "PedroGil25"]
[Result "1-0"]
[WhiteElo "2943"]
[BlackElo "2634"]
[TimeControl "180+1"]
[EndTime "8:13:59 PDT"]
[Termination "kleinebeer98 won by resignation"]

1. e4 c5 2. Nf3 e6 3. d4 cxd4 4. Bg5 Qc7 5. Nxd4 a6 6. Nd2 Nf6 7.
Bd3 Be7 8. O-O d6 9. c4 Nbd7 10. Rc1 O-O 11. b4 b6 12. N2b3 Bb7 13. Qe2 Rfe8 14. f4 Bf8 15. Rce1 d5 16. e5 Ne4 17. cxd5 exd5 18. Rc1 Qb8 19. Bxe4 dxe4 20. Qg4 Nxe5 21.
fxe5 Qxe5 22. Bf6 Qd5 23. Bxg7 Bxg7 24. Nf5 1-0

[Event "Early-Titled-Tuesday-Blitz-July-09-2024"]
[Site "Chess.com"]
[Date "2024.07.09"]
[Round "2"]
[White "AGW2016"]
[Black "GMG"]
[Result "1/2-1/2"]
[WhiteElo "2578"]
[BlackElo "2826"]
[TimeControl "180+1"]
[EndTime "8:14:02 PDT"]
[Termination "Game drawn by repetition"]

1. d4 d5 2. Nf3 Nf6 3. Bf4 c5 4. e3 Nc6 5. Nbd2 Bf5 6. dxc5 e6 7. Nd4 Bxc5 8. Nxf5 exf5 9. c3 O-O 10. Be2 Qe7 11. O-O Rad8 12. Nb3 Bd6 13. Bg5 h6 14. Bxf6 Qxf6 15.
Bf3 f4 16. exf4 Bxf4 17. g3 Bc7 18. Bg2 Bb6 19. Qd2 d4 20. c4 d3 21. c5 Bc7 22.
Rfe1 Be5 23. Rab1 Rd7 24. Bh3 Rd5 25. Bg2 Rd7 26. Bh3 Rd5 27. Bg2 Rd7 1/2-1/2

[Event "Early-Titled-Tuesday-Blitz-July-09-2024"]
[Site "Chess.com"]
[Date "2024.07.09"]
[Round "2"]
[White "WPWPWP-2015"]
[Black "Chesstiger64"]
[Result "1/2-1/2"]
[WhiteElo "2557"]
[BlackElo "2373"]
[TimeControl "180+1"]
[EndTime "8:14:03 PDT"]
[Termination "Game drawn by repetition"]

1. e4 c5 2. Nf3 e6 3. b4 b6 4. bxc5 bxc5 5. d3 Nc6 6. g3 Nf6 7. Bg2 d5 8. e5 Nd7 9. Bf4 Be7 10. O-O Bb7 11. c4 dxc4 12. dxc4 Nb6 13. Nbd2 O-O 14.
h3 Qd3 15. Rc1 Rad8 16. Re1 h6 17. h4 Nd4 18. Bf1 Nxf3+ 19. Qxf3 Bxf3 20. Bxd3 Rxd3 21. Be3 Bc6 22. Nb3 Na4 23. Kf1 Bf3 24. Nd2 Bc6 25. Nb3 Bf3 26. Nd2 Bc6 27. Nb3 1/2-1/2

[Event "Early-Titled-Tuesday-Blitz-July-09-2024"]
[Site "Chess.com"]
[Date "2024.07.09"]
[Round "2"]
[White "GarayevKanan"]
[Black "kacperkarwowski"]
[Result "0-1"]
[WhiteElo "2748"]
[BlackElo "2554"]
[TimeControl "180+1"]
[EndTime "8:14:06 PDT"]
[Termination "kacperkarwowski won by resignation"]

1. d4 d5 2. Nf3 e6 3. Bf4 Bd6 4. Bxd6 Qxd6 5. c3 Nd7 6. Nbd2 Ngf6 7. e3 e5 8. dxe5 Nxe5 9. Nxe5 Qxe5 10. Nf3 Qe7 11. Be2 O-O 12. O-O c5 13. Qb3 b6 14.
a4 Be6 15. Qa3 h6 16. a5 Qb7 17. Rfd1 Rfd8 18. b4 Ne4 19. bxc5 bxc5 20. Rdb1 Qc7 21. a6 Rab8 22. Bd3 Rb6 23. Rxb6 Qxb6 24. Rb1 Qd6 25. Rb7 c4 26. Qxd6 Nxd6 0-1